[Event "Titled Tuesday Blitz November 01 Late 2022"]
[White "Aizpurua, Patrick Emilio"]
[Black "Kaplan, Avi Harrison"]
[WhiteFideId "6600522"]
[BlackFideId "30934559"]
[WhiteElo "2378"]
[BlackElo "1983"]
[Result "1-0"]
[Round "03"]
[TimeControl "180+1"]
[Date "2022.11.02"]
[WhiteClock "0:00:38"]
[BlackClock "0:00:02"]

1. d4 Nf6 2. c4 c5 3. d5 e6 4. Nc3 exd5 5. cxd5 d6 6. e4 g6 7. Bd3 Bg7 8. Nge2 O-O 9. O-O Na6 10. h3 Nc7 11. a4 b6 12. Be3 a6 13. Rb1 Re8 14. b4 Bd7 15. a5 cxb4 16. Rxb4 bxa5 17. Rb1 Rb8 18. Bb6 Qc8 19. Bxa5 Nb5 20. Rc1 Qb7 21. Kh1 Rec8 22. Rb1 Nxc3 23. Bxc3 Qa8 24. Qd2 Bb5 25. Bxb5 axb5 26. f3 Nh5 27. Bxg7 Nxg7 28. Nd4 Nh5 29. Kh2 Qa4 30. Nc6 Rb7 31. Ra1 Qb3 32. Rfb1 Qc4 33. Rb4 Qc5 34. Rc1 Qb6 35. Ne7+ Rxe7 36. Rxc8+ Kg7 37. Qd4+ Qxd4 38. Rxd4 Rb7 39. Rb4 Nf4 40. Rc6 Nd3 41. Rb1 b4 42. Rxd6 b3 43. Rc6 Ne5 44. Rc3 b2 45. f4 Nd7 46. Rc2 Rb4 47. Re2 Nc5 48. Rbxb2 Rxb2 49. Rxb2 Nxe4 50. g3 Kf6 51. Rb6+ Ke7 52. Rb7+ Kf6 53. Kg2 Nc5 54. Rc7 Ne4 55. Kf3 Nd2+ 56. Ke3 Nb3 57. Rc3 Na5 58. Kd4 Nb7 59. Rc6+ Kf5 60. Ke3 h5 61. Kf3 Nd6 62. Rxd6 g5 63. g4+ hxg4+ 64. hxg4# 1-0


[Site "https://www.chess.com"]

[Event "Titled Tuesday Blitz November 01 Late 2022"]
[White "Aldokhin, Ivan"]
[Black "Silva Lucena, Cristian"]
[WhiteFideId "24115720"]
[BlackFideId "2232588"]
[WhiteElo "2313"]
[BlackElo "2223"]
[Result "0-1"]
[Round "03"]
[TimeControl "180+1"]
[Date "2022.11.02"]
[WhiteClock "0:00:03"]
[BlackClock "0:01:13"]

1. e4 c5 2. Nf3 e6 3. d4 cxd4 4. Nxd4 Nf6 5. Nc3 d6 6. g4 h6 7. Bg2 Nc6 8. Nxc6 bxc6 9. e5 Nd5 10. Ne4 dxe5 11. O-O Ba6 12. Re1 Be7 13. c4 Bxc4 14. Qc2 Nb6 15. b3 Bd5 16. Bb2 f6 17. Nc5 Bxc5 18. Qxc5 Qe7 19. Qa5 Kf7 20. Ba3 Qb7 21. Bf1 h5 22. g5 h4 23. Rad1 Rh5 24. f4 exf4 25. gxf6 gxf6 26. Qb4 Rg8+ 27. Kf2 Qc7 28. Bh3 f3 29. Rxd5 Qxh2+ 30. Ke3 Nxd5+ 0-1


[Site "https://www.chess.com"]

[Event "Titled Tuesday Blitz November 01 Late 2022"]
[White "Ambartsumova, Karina"]
[Black "Aguilar, Juan"]
[WhiteFideId "4166299"]
[BlackFideId "3800091"]
[WhiteElo "2299"]
[BlackElo "2430"]
[Result "1-0"]
[Round "03"]
[TimeControl "180+1"]
[Date "2022.11.02"]
[WhiteClock "0:01:05"]
[BlackClock "0:00:51"]

1. d4 Nf6 2. c4 g6 3. Nc3 d5 4. cxd5 Nxd5 5. g3 Bg7 6. Bg2 Nb6 7. Nf3 Nc6 8. d5 Bxc3+ 9. bxc3 Qxd5 10. Qc2 Bf5 11. Qb2 O-O 12. Bh6 Nc4 13. Qxb7 Rab8 14. Qxc7 Rfc8 15. Qf4 e5 16. Qh4 e4 17. Qf6 1-0


[Site "https://www.chess.com"]

[Event "Titled Tuesday Blitz November 01 Late 2022"]
[White "Annaberdiyev, Babageldi"]
[Black "Garayev, Kanan"]
[WhiteFideId "14000385"]
[BlackFideId "13406671"]
[WhiteElo "2332"]
[BlackElo "2244"]
[Result "1-0"]
[Round "03"]
[TimeControl "180+1"]
[Date "2022.11.02"]
[WhiteClock "0:01:10"]
[BlackClock "0:00:36"]

1. e4 c5 2. Nf3 Nf6 3. d3 Nc6 4. Nbd2 d5 5. g3 g6 6. Bg2 Bg7 7. O-O O-O 8. Re1 e5 9. c3 Re8 10. a4 h6 11. h3 b6 12. exd5 Nxd5 13. Nc4 Bf5 14. g4 Bc8 15. Qb3 Bb7 16. a5 Rb8 17. axb6 axb6 18. Be3 Ba8 19. Nfd2 b5 20. Rxa8 Rxa8 21. Qxb5 Nce7 22. Bxc5 Rb8 23. Qa6 Nf4 24. Bd6 Nxg2 25. Kxg2 Ra8 26. Qb7 h5 27. f3 hxg4 28. hxg4 Rc8 29. Ra1 Nc6 30. Ra6 Nb8 31. Ra7 Qf6 32. Ne4 Qf4 33. Nb6 Rcd8 34. Nd5 Rd7 35. Nxf4 Rxb7 36. Rxb7 Nc6 37. Nd5 Ra8 38. Rb6 1-0


[Site "https://www.chess.com"]

[Event "Titled Tuesday Blitz November 01 Late 2022"]
[White "Ansh M Shah"]
[Black "Araujo, Everson De Moura"]
[WhiteFideId "25033379"]
[BlackFideId "22737197"]
[WhiteElo "2084"]
[BlackElo "1995"]
[Result "1-0"]
[Round "03"]
[TimeControl "180+1"]
[Date "2022.11.02"]
[WhiteClock "0:01:13"]
[BlackClock "0:00:14"]

1. d4 Nf6 2. c4 e6 3. g3 Bb4+ 4. Nd2 O-O 5. Bg2 d5 6. Nf3 b6 7. O-O Bb7 8. Ne5 Nbd7 9. a3 Bd6 10. f4 c5 11. cxd5 Nxd5 12. Ne4 Be7 13. Nxd7 Qxd7 14. dxc5 bxc5 15. Be3 Qb5 16. Nc3 Nxc3 17. bxc3 Bxg2 18. Kxg2 Rfd8 19. Qc2 Bf6 20. Rab1 Qc4 21. f5 exf5 22. Rxf5 Rd5 23. Rbf1 Re8 24. R1f3 Rxf5 25. Qxf5 Qxe2+ 26. Bf2 c4 27. Qd7 h5 28. h4 a5 29. Qb5 Re5 30. Qb8+ Kh7 31. Qc7 Kg6 32. Qb7 Qa2 33. Qc6 Qxa3 34. Qxc4 Qb2 35. Qd3+ Kh6 36. Kh3 Qe2 37. Be3+ g5 38. Qxe2 1-0


[Site "https://www.chess.com"]

[Event "Titled Tuesday Blitz November 01 Late 2022"]
[White "Antonio, Jorge Carlos"]
[Black "Wartiovaara, Oliver"]
[WhiteFideId "113190"]
[BlackFideId "513024"]
[WhiteElo "2247"]
[BlackElo "2197"]
[Result "0-1"]
[Round "03"]
[TimeControl "180+1"]
[Date "2022.11.02"]
[WhiteClock "0:02:08"]
[BlackClock "0:02:31"]

1. e4 Nc6 2. Nc3 Nf6 3. d3 g6 4. g3 Bg7 5. Bg2 O-O 6. f4 d6 7. Nge2 Ne8 8. O-O f5 9. Bd2 e6 10. Qe1 Qe7 11. a3 Qf7 12. Rd1 h6 13. exf5 gxf5 14. Qf2 Nf6 15. Nd4 Ng4 16. Qe1 Nxd4 17. h3 Nf6 18. Ne4 fxe4 0-1


[Site "https://www.chess.com"]

[Event "Titled Tuesday Blitz November 01 Late 2022"]
[White "Arbunic Castro, Giovanna"]
[Black "Rangel, Daniel"]
[WhiteFideId "3400549"]
[BlackFideId "2124475"]
[WhiteElo "1858"]
[BlackElo "2225"]
[Result "0-1"]
[Round "03"]
[TimeControl "180+1"]
[Date "2022.11.02"]
[WhiteClock "0:00:07"]
[BlackClock "0:00:43"]

1. e4 c5 2. g3 g6 3. Bg2 Bg7 4. Ne2 Nc6 5. c3 d6 6. O-O e5 7. d3 Nge7 8. Be3 Bg4 9. f3 Be6 10. d4 exd4 11. cxd4 Bc4 12. dxc5 dxc5 13. Qc2 Bd3 14. Qd2 c4 15. Nbc3 O-O 16. Rfd1 f5 17. Nf4 fxe4 18. fxe4 Ne5 19. Ne6 Qd7 20. Nxf8 Rxf8 21. Nd5 Nxd5 22. exd5 Ng4 23. Bc5 Rc8 24. h3 Rxc5 25. hxg4 Bd4+ 26. Kh2 Qxg4 27. Qf4 Qxf4 28. gxf4 Bxb2 29. d6 Bxa1 30. Rxa1 Rc8 31. Bxb7 Rd8 32. Bd5+ Kg7 33. Rc1 Rxd6 34. Bxc4 Bxc4 35. Rxc4 Rd2+ 36. Kg3 Rxa2 37. Rc6 a5 38. Kg4 h5+ 39. Kf3 a4 40. Ra6 a3 41. Kg3 Ra1 42. Kh4 a2 0-1


[Site "https://www.chess.com"]

[Event "Titled Tuesday Blitz November 01 Late 2022"]
[White "Arnold, Ken"]
[Black "Malka, Samuel"]
[WhiteFideId "2056836"]
[BlackFideId "20643675"]
[WhiteElo "2317"]
[BlackElo "2447"]
[Result "0-1"]
[Round "03"]
[TimeControl "180+1"]
[Date "2022.11.02"]
[WhiteClock "0:00:01"]
[BlackClock "0:00:02"]

1. d4 Nf6 2. c4 g6 3. Nf3 Bg7 4. Nc3 d6 5. e4 O-O 6. Bg5 h6 7. Bh4 c5 8. Bxf6 Bxf6 9. Nd5 Bg7 10. dxc5 dxc5 11. Qd2 e6 12. Nc3 Nc6 13. Rd1 Nd4 14. Nxd4 cxd4 15. Nb5 e5 16. c5 Be6 17. b3 a6 18. Nd6 Qc7 19. Qb4 Rab8 20. Bc4 Bxc4 21. Nxc4 Rfc8 22. Nb6 Rd8 23. Nd5 Qd7 24. O-O Kh7 25. Qc4 Qe6 26. Rc1 Rbc8 27. b4 f5 28. f3 Bf8 29. Qd3 Rxd5 30. exd5 Qxd5 31. Rfe1 Re8 32. Rcd1 Bg7 33. Qb3 Qxb3 34. axb3 e4 35. g4 d3 36. Kf2 Bd4+ 37. Kg3 Bc3 38. Rh1 Bxb4 39. fxe4 fxe4 40. Kf4 e3 41. Rxd3 e2 42. Rd7+ Kg8 43. Rxb7 e1=Q 44. Rxe1 Bxe1 45. c6 Bc3 46. h4 Be5+ 47. Ke4 Bd6+ 48. Kd5 Bg3 49. h5 gxh5 50. gxh5 Re5+ 51. Kc4 Re6 52. Kd5 Rd6+ 53. Kc5 Rd8 54. c7 Rc8 55. Kc6 Bxc7 56. Rxc7 Re8 57. Kb7 Re6 58. Rc6 Re3 59. Rb6 a5 60. Ka6 Re5 61. Rxh6 Kg7 62. Rb6 Rxh5 63. Rb5 Rh6+ 64. Kxa5 Kf8 65. Rb7 Ke8 66. Rc7 Kd8 67. Rc4 Rh5+ 68. Ka6 Kd7 69. b4 Rh6+ 70. Ka5 Rh8 71. b5 Ra8+ 72. Kb6 Kd6 73. Kb7 Ra1 74. b6 Kd5 75. Rc6 Ra2 76. Kc7 Rb2 77. b7 Rh2 78. Rg6 Rh7+ 79. Kb6 Rh8 0-1


[Site "https://www.chess.com"]

[Event "Titled Tuesday Blitz November 01 Late 2022"]
[White "Ashiku, Franc"]
[Black "Drygalov, Sergey"]
[WhiteFideId "4700066"]
[BlackFideId "24171743"]
[WhiteElo "2306"]
[BlackElo "2528"]
[Result "0-1"]
[Round "03"]
[TimeControl "180+1"]
[Date "2022.11.02"]
[WhiteClock "0:00:10"]
[BlackClock "0:00:22"]

1. d4 Nf6 2. c4 e6 3. g3 c5 4. d5 exd5 5. cxd5 d6 6. Nc3 g6 7. Bg2 Bg7 8. Nf3 O-O 9. O-O a6 10. a4 Nbd7 11. Nd2 Re8 12. a5 b5 13. axb6 Nxb6 14. Nb3 Nc4 15. Ra4 Nb6 16. Ra2 Nc4 17. Ra4 Ne5 18. Na5 Bd7 19. Ra2 Qc7 20. h3 Nh5 21. Kh2 f5 22. f4 Nf7 23. e4 Nf6 24. e5 dxe5 25. d6 Qb8 26. fxe5 Nxe5 27. Bf4 Nh5 28. Qd5+ Be6 29. Qxa8 Qxa8 30. Bxa8 Bxa2 31. Bxe5 Bxe5 32. Bc6 Rb8 33. d7 Be6 34. Na4 Nxg3 35. Rd1 Ne2+ 36. Kh1 Bc7 37. Nxc5 Bxd7 38. Rxd7 Bxa5 39. Bd5+ Kh8 40. Ne6 Ng3+ 41. Kg2 Nh5 42. Ng5 Nf6 43. Nf7+ Kg7 44. Rd6 Nxd5 45. Rxd5 Rxb2+ 46. Kf3 Kxf7 47. Rxa5 Rb6 48. Rc5 h5 49. Rc7+ Kf6 50. h4 Rb3+ 51. Kf4 Rb4+ 52. Kf3 Rxh4 53. Rc6+ Kg5 54. Rxa6 Rh3+ 55. Kg2 Rb3 56. Ra4 f4 57. Ra5+ Kg4 58. Ra2 g5 59. Rc2 h4 60. Kf2 h3 0-1


[Site "https://www.chess.com"]

[Event "Titled Tuesday Blitz November 01 Late 2022"]
[White "Averjanov, Alexey"]
[Black "Sivakumar, Shaaketh"]
[WhiteFideId "14109867"]
[BlackFideId "30940176"]
[WhiteElo "2660"]
[BlackElo "2174"]
[Result "1-0"]
[Round "03"]
[TimeControl "180+1"]
[Date "2022.11.02"]
[WhiteClock "0:02:01"]
[BlackClock "0:01:30"]

1. d4 e6 2. c4 b6 3. Nf3 Bb7 4. Nbd2 Bb4 5. Qc2 f5 6. g3 Nf6 7. Bg2 O-O 8. O-O d6 9. b3 Bxd2 10. Qxd2 Ne4 11. Qc2 Nd7 12. Bb2 Qe7 13. d5 e5 14. Nh4 Ndc5 15. Nxf5 Rxf5 16. Bxe4 Nxe4 17. Qxe4 Raf8 18. f4 Qf7 19. e3 Bc8 20. Qd3 Qg6 21. Qd2 h5 22. Qg2 exf4 23. gxf4 Qe8 24. Qxg7# 1-0


[Site "https://www.chess.com"]

[Event "Titled Tuesday Blitz November 01 Late 2022"]
[White "Azarov, Sergei"]
[Black "Potapova, Margarita"]
[WhiteFideId "13501470"]
[BlackFideId "14126869"]
[WhiteElo "2494"]
[BlackElo "2150"]
[Result "1-0"]
[Round "03"]
[TimeControl "180+1"]
[Date "2022.11.02"]
[WhiteClock "0:00:20"]
[BlackClock "0:01:02"]

1. e4 e5 2. Nf3 Nc6 3. Bb5 Nf6 4. O-O Nxe4 5. d4 Nd6 6. dxe5 Nxb5 7. a4 Nbd4 8. Nxd4 Nxd4 9. Qxd4 d5 10. Qd3 c6 11. a5 g6 12. Be3 Be7 13. Bh6 Bg5 14. Bxg5 Qxg5 15. f4 Qe7 16. Nd2 O-O 17. Nf3 Bf5 18. Qd2 Qc5+ 19. Nd4 Be4 20. c3 Rae8 21. b4 Qe7 22. Rae1 f6 23. a6 fxe5 24. fxe5 Qxe5 25. axb7 Qc7 26. Rxf8+ Rxf8 27. Ne6 Qb6+ 28. Nc5 Qc7 29. Ne6 Qb6+ 30. Qd4 Qxd4+ 31. cxd4 Rb8 32. Nc5 Kf7 33. Ra1 Ke7 34. Rxa7 Kd6 35. Ra8 Kc7 36. Na6+ Kxb7 37. Rxb8+ Kxa6 38. Kf2 Ka7 39. Rh8 h5 40. g3 Kb6 41. Ke3 Kb5 42. Rb8+ Kc4 43. Rb6 Bf5 44. Rxc6+ Kxb4 45. Rc5 Be4 46. Kf4 Kb3 47. Ke5 Kb4 48. h4 Kb3 49. Rxd5 1-0


[Site "https://www.chess.com"]

[Event "Titled Tuesday Blitz November 01 Late 2022"]
[White "Baglan, Esat"]
[Black "Golubova, Anna"]
[WhiteFideId "6309216"]
[BlackFideId "24173606"]
[WhiteElo "2231"]
[BlackElo "2047"]
[Result "1-0"]
[Round "03"]
[TimeControl "180+1"]
[Date "2022.11.02"]
[WhiteClock "0:00:22"]
[BlackClock "0:00:07"]

1. d4 g6 2. c4 Bg7 3. Nc3 d6 4. e4 Nc6 5. Be3 e5 6. Nge2 a6 7. Qd2 b5 8. d5 Nce7 9. cxb5 axb5 10. Nxb5 Ba6 11. Nec3 f5 12. f3 Nf6 13. Be2 O-O 14. O-O Qd7 15. a4 fxe4 16. fxe4 Bxb5 17. Bxb5 Qc8 18. Be2 Qb7 19. Rab1 Qb4 20. Bd3 Rfb8 21. b3 Ng4 22. Bg5 Qd4+ 23. Kh1 Rf8 24. Bh4 Bh6 25. Qe2 Qxc3 26. Bxe7 Rxf1+ 27. Rxf1 Ne3 28. Rb1 Re8 29. Bh4 Rf8 30. h3 Qd4 31. a5 Nf5 32. exf5 Qxh4 33. fxg6 Bf4 34. gxh7+ Kh8 35. Qg4 Qf2 36. Bf5 Bg3 37. Rg1 Qxf5 38. Qxg3 e4 39. a6 Qxd5 40. Qc3+ Qe5 41. Qxe5+ dxe5 42. Re1 Ra8 43. Rxe4 Rxa6 44. Rxe5 Rb6 45. Re7 c5 46. Rc7 Rxb3 47. Rxc5 Kxh7 48. Kh2 Kh6 49. Rc4 Kg5 50. Rg4+ Kh5 51. Rg8 Ra3 52. g4+ Kh4 53. Rh8+ Kg5 54. Rh5+ Kf4 55. Rf5+ Ke4 56. Rf2 Ke5 57. Kg2 Ra4 58. Rf3 Ra1 59. Kg3 Rg1+ 60. Kh4 Ke4 61. Rf8 Ke5 62. Kg5 Ra1 63. Re8+ Kd6 64. h4 Ra7 65. h5 Kd7 66. Re4 Ra5+ 67. Kh4 Ra1 68. h6 Rh1+ 69. Kg5 Rh2 70. Kg6 Kd6 71. g5 Rh3 72. h7 Rh2 73. Kg7 1-0


[Site "https://www.chess.com"]

[Event "Titled Tuesday Blitz November 01 Late 2022"]
[White "Bambino Filho, Antonio Carlos"]
[Black "Ali Abdullahi, Farah"]
[WhiteFideId "2113163"]
[BlackFideId "16100212"]
[WhiteElo "2424"]
[BlackElo "2294"]
[Result "1-0"]
[Round "03"]
[TimeControl "180+1"]
[Date "2022.11.02"]
[WhiteClock "0:00:24"]
[BlackClock "0:00:20"]

1. d4 e6 2. Nf3 b6 3. g3 Bb7 4. Bg2 Nf6 5. O-O Be7 6. c4 O-O 7. Nc3 Bb4 8. Na4 Be7 9. Nc3 Bb4 10. Na4 a6 11. a3 Be7 12. Nc3 d6 13. Qc2 Nbd7 14. e4 h6 15. h3 e5 16. d5 a5 17. Be3 Nc5 18. b4 Ncd7 19. Ne1 Ne8 20. Nd3 Nef6 21. c5 bxc5 22. bxc5 Ba6 23. Rfd1 Bxd3 24. Qxd3 Nxc5 25. Bxc5 dxc5 26. Na4 Bd6 27. Rdc1 Nd7 28. h4 Qf6 29. Bh3 Nb6 30. Nxc5 g5 31. hxg5 hxg5 32. Bf5 Kg7 33. Kg2 Nc8 34. Nd7 Qe7 35. Nxf8 Qxf8 36. Rh1 Qg8 37. Qf3 Ne7 38. Rh5 Kf8 39. Rah1 Qg7 40. Rh7 Qf6 41. a4 Ng8 42. Rb1 Nh6 43. Bg4 Nxg4 44. Qxg4 Ke7 45. Rb3 Rg8 46. Rf3 Qg6 47. Rfxf7+ Qxf7 48. Rxf7+ Kxf7 49. Qe6+ Kf8 50. Kf3 Rg7 51. Kg4 Rf7 52. f3 Rg7 53. Qc8+ Ke7 54. Qa6 Bb4 55. Qe6+ Kf8 56. Qxe5 Bd6 57. Qf5+ Ke8 58. Qc8+ Ke7 59. e5 Bb4 60. Qe6+ Kd8 61. d6 cxd6 62. exd6 Rd7 63. Qg8# 1-0


[Site "https://www.chess.com"]

[Event "Titled Tuesday Blitz November 01 Late 2022"]
[White "Bartel, Mateusz"]
[Black "Lazavik, Denis"]
[WhiteFideId "1112635"]
[BlackFideId "13515110"]
[WhiteElo "2811"]
[BlackElo "3025"]
[Result "1-0"]
[Round "03"]
[TimeControl "180+1"]
[Date "2022.11.01"]
[WhiteClock "0:00:33"]
[BlackClock "0:00:01"]

1. e4 c5 2. Ne2 Nc6 3. g3 d5 4. Bg2 dxe4 5. Bxe4 Nf6 6. Bg2 g6 7. Nbc3 Bg7 8. h3 O-O 9. O-O Bd7 10. d3 Rc8 11. a4 b6 12. Be3 e6 13. d4 cxd4 14. Nxd4 Ne5 15. Qe2 Nc4 16. Bc1 a6 17. Rd1 Qc7 18. b3 Nd6 19. Bb2 Rfd8 20. Rd2 Be8 21. Rad1 Rb8 22. Qxa6 Nd7 23. Ndb5 Nxb5 24. Nxb5 Qc5 25. Bxg7 Kxg7 26. Qa7 Rbc8 27. Qb7 Rb8 28. Qc7 Rdc8 29. Qxc5 Nxc5 30. Nd6 Rc7 31. Nxe8+ Rxe8 32. Rd6 Rb8 33. Bc6 Na6 34. Bb5 Nb4 35. c4 Nc2 36. Rd7 Rc5 37. Re7 Kf6 38. Rdd7 Rf8 39. Rb7 Nd4 40. b4 Rf5 41. Red7 Nf3+ 42. Kg2 Ne1+ 43. Kf1 Nc2 44. Rxb6 Nxb4 45. a5 Ra8 46. a6 Rf3 47. Rbb7 Kg7 48. a7 Nd3 49. Rb8 Rxf2+ 50. Kg1 Rxa7 51. Rxa7 Rf3 52. Rbb7 Rxg3+ 53. Kf1 Ne5 54. Be8 Rxh3 55. Bxf7 Rf3+ 56. Ke2 Rxf7 57. c5 Kf8 58. c6 Rf4 59. c7 1-0


[Site "https://www.chess.com"]

[Event "Titled Tuesday Blitz November 01 Late 2022"]
[White "Baskakov, Egor"]
[Black "Erigaisi Arjun"]
[WhiteFideId "24197866"]
[BlackFideId "35009192"]
[WhiteElo "2836"]
[BlackElo "3152"]
[Result "1-0"]
[Round "03"]
[TimeControl "180+1"]
[Date "2022.11.01"]
[WhiteClock "0:00:30"]
[BlackClock "0:00:17"]

1. e4 c5 2. Nf3 g6 3. d4 cxd4 4. Nxd4 Bg7 5. g3 Nf6 6. Bg2 O-O 7. Nc3 d6 8. h3 Nc6 9. Nde2 Bd7 10. O-O Rc8 11. a4 a6 12. Nd5 Nxd5 13. exd5 Ne5 14. Ra2 b5 15. axb5 axb5 16. b3 Be8 17. Be3 Nd7 18. Nd4 Nf6 19. Qd3 b4 20. Qd2 Rc3 21. Ra7 Bd7 22. Rb7 Qa5 23. Nc6 Bxc6 24. dxc6 Qf5 25. Rxe7 Qxc2 26. Qxd6 Qxb3 27. Rb7 Rxe3 28. fxe3 Qxe3+ 29. Kh2 Nh5 30. Rbxf7 Rxf7 31. Rxf7 Nxg3 32. Re7 Qc1 33. Bd5+ 1-0


[Site "https://www.chess.com"]

[Event "Titled Tuesday Blitz November 01 Late 2022"]
[White "Bazeev, German"]
[Black "chess50years"]
[WhiteFideId "24119350"]
[WhiteElo "2493"]
[BlackElo "2037"]
[Result "1-0"]
[Round "03"]
[TimeControl "180+1"]
[Date "2022.11.02"]
[WhiteClock "0:01:56"]
[BlackClock "0:00:31"]

1. e4 e6 2. Nf3 d5 3. d3 dxe4 4. dxe4 Qxd1+ 5. Kxd1 Nd7 6. Nfd2 e5 7. f3 c6 8. a4 a5 9. Nc4 Bc5 10. Nbd2 Ngf6 11. Nb3 Ke7 12. Nxc5 Nxc5 13. b3 Nfd7 14. Ba3 f6 15. Nb6 Kd8 16. Nxa8 Ne6 17. b4 axb4 18. Bxb4 c5 19. Ba5+ Ke7 20. Nb6 Nb8 21. Nd5+ Kf7 22. Bb5 Nd4 23. Rb1 Be6 24. c3 Ndc6 25. Bb6 Rc8 26. Kc2 Nd7 27. a5 Nxb6 28. Nxb6 Rd8 29. Bxc6 bxc6 30. Rhd1 Rxd1 31. Kxd1 1-0


[Site "https://www.chess.com"]

[Event "Titled Tuesday Blitz November 01 Late 2022"]
[White "Bilan, Danila"]
[Black "Vifleemskaia, Svetlana"]
[WhiteFideId "24161918"]
[BlackFideId "4129490"]
[WhiteElo "2203"]
[BlackElo "1929"]
[Result "1-0"]
[Round "03"]
[TimeControl "180+1"]
[Date "2022.11.02"]
[WhiteClock "0:00:12"]
[BlackClock "0:00:07"]

1. d3 e5 2. Nf3 Nc6 3. g3 f5 4. Bg2 Nf6 5. O-O d5 6. c4 d4 7. Bd2 a5 8. a3 Bc5 9. Bg5 O-O 10. Nbd2 h6 11. Bxf6 Qxf6 12. b4 axb4 13. axb4 Rxa1 14. Qxa1 Bxb4 15. Nb3 Bc3 16. Qa2 e4 17. Nfd2 e3 18. fxe3 dxe3 19. Nf3 Qe6 20. Qc2 Qf6 21. Qc1 Re8 22. Ne1 Nd4 23. Nxd4 Bxd4 24. Nc2 c5 25. Qb1 Qa6 26. Nxd4 cxd4 27. Qb2 Rd8 28. Rf4 Qa7 29. Bd5+ Kh8 30. Qxd4 Qa2 31. Qxe3 Bd7 32. Qe7 Re8 33. Qxd7 Qxe2 34. Qxf5 Qd1+ 35. Rf1 1-0


[Site "https://www.chess.com"]

[Event "Titled Tuesday Blitz November 01 Late 2022"]
[White "Bjelobrk, Igor"]
[Black "Winterberg, Lukas"]
[WhiteFideId "4300726"]
[BlackFideId "24622702"]
[WhiteElo "2335"]
[BlackElo "2349"]
[Result "1-0"]
[Round "03"]
[TimeControl "180+1"]
[Date "2022.11.02"]
[WhiteClock "0:00:03"]
[BlackClock "0:00:01"]

1. d4 Nf6 2. c4 e6 3. Nc3 d5 4. g3 Be7 5. Bg2 O-O 6. Nf3 c6 7. O-O a5 8. Qd3 b6 9. e4 Ba6 10. b3 b5 11. Ne5 bxc4 12. bxc4 Nfd7 13. exd5 cxd5 14. Nb5 dxc4 15. Qxc4 Nb6 16. Qe2 Nd5 17. a4 Bb4 18. Bb2 Nd7 19. Nc6 Qb6 20. Rfc1 Rac8 21. Bxd5 exd5 22. Nxb4 axb4 23. Rab1 Rfe8 24. Qd3 Nf6 25. Rxc8 Rxc8 26. Bc1 Ne4 27. Be3 Qa5 28. Qb3 Bxb5 29. axb5 Rc4 30. Qb2 Qxb5 31. Ra1 h6 32. Ra8+ Kh7 33. Qb1 g6 34. Qa1 Rc7 35. Re8 Qb7 36. Bf4 Rc2 37. Be5 g5 38. Rb8 Qe7 39. Qa6 Qe6 40. Qa8 Kg6 41. Rg8+ Kh5 42. f3 Nf6 43. Qa1 Qf5 44. Rf8 Qd3 45. Qf1 Qe3+ 46. Kh1 g4 47. Rxf7 1-0


[Site "https://www.chess.com"]

[Event "Titled Tuesday Blitz November 01 Late 2022"]
[White "Bluebaum, Matthias"]
[Black "Popilski, Gil"]
[WhiteFideId "24651516"]
[BlackFideId "2809060"]
[WhiteElo "2633"]
[BlackElo "2537"]
[Result "1-0"]
[Round "03"]
[TimeControl "180+1"]
[Date "2022.11.02"]
[WhiteClock "0:00:18"]
[BlackClock "0:00:03"]

1. d4 Nf6 2. c4 g6 3. Nc3 d5 4. cxd5 Nxd5 5. e4 Nxc3 6. bxc3 Bg7 7. Nf3 c5 8. Bb5+ Bd7 9. Be2 O-O 10. O-O Qa5 11. Bd2 Ba4 12. Qb1 Nc6 13. d5 Ne5 14. Nxe5 Bxe5 15. Qxb7 Rab8 16. Qxe7 Rfe8 17. Qh4 Rb2 18. Qg5 Rxd2 19. Qxd2 Bxc3 20. Qd3 Bxa1 21. Rxa1 Qb4 22. Bf3 Qb2 23. Re1 Qxa2 24. Qc3 c4 25. e5 Qb3 26. Qd4 c3 27. e6 c2 28. h4 Qa3 29. Qf4 fxe6 30. dxe6 Rf8 31. Qg5 Rc8 32. Rc1 Qd6 33. e7 Re8 34. Qg4 Bb3 35. Be4 Rxe7 36. Bxc2 Bxc2 37. Qc8+ Kg7 38. Qxc2 Qf4 39. g3 Qf6 40. Rd1 Rf7 41. Qa2 h5 42. Rd5 a6 43. Ra5 Kh7 44. Rxa6 Qf3 45. Qc2 Rg7 46. Rc6 Qg4 47. Rc5 Rf7 48. Rg5 Qe6 49. Rxh5+ Kg7 50. Rg5 Rf6 51. Rc5 Qe1+ 52. Kg2 Qe7 53. Rc7 Rxf2+ 54. Kxf2 1-0


[Site "https://www.chess.com"]

[Event "Titled Tuesday Blitz November 01 Late 2022"]
[White "Bogaudinov, Rushan"]
[Black "Bazzano, Sebastian"]
[WhiteFideId "4129288"]
[BlackFideId "104566"]
[WhiteElo "1945"]
[BlackElo "2236"]
[Result "1-0"]
[Round "03"]
[TimeControl "180+1"]
[Date "2022.11.02"]
[WhiteClock "0:01:02"]
[BlackClock "0:00:11"]

1. d4 Nf6 2. c4 c5 3. d5 e6 4. Nc3 exd5 5. cxd5 d6 6. e4 g6 7. Nf3 Bg7 8. Bf4 a6 9. a4 O-O 10. Be2 Re8 11. Qc2 Qe7 12. Nd2 Nbd7 13. O-O Ne5 14. h3 Bd7 15. Bh2 g5 16. f4 gxf4 17. Bxf4 Ng6 18. Bg3 Ne5 19. Rf2 Bh6 20. Bf4 Bxf4 21. Rxf4 Ng6 22. Rf2 b5 23. axb5 axb5 24. Raf1 b4 25. Rxf6 bxc3 26. bxc3 Ne5 27. Bh5 Rf8 28. Qc1 Ng6 29. Qe1 Qe5 30. Bxg6 fxg6 31. Rxf8+ Rxf8 32. Rxf8+ Kxf8 33. Nc4 Qxc3 34. Qxc3 1-0


[Site "https://www.chess.com"]

[Event "Titled Tuesday Blitz November 01 Late 2022"]
[White "Boidiya, Sidi"]
[Black "Romero Ruscalleda, Josep"]
[WhiteFideId "19600100"]
[BlackFideId "2231859"]
[WhiteElo "2113"]
[BlackElo "2291"]
[Result "1-0"]
[Round "03"]
[TimeControl "180+1"]
[Date "2022.11.02"]
[WhiteClock "0:00:43"]
[BlackClock "0:00:03"]

1. e4 g6 2. d4 Bg7 3. Nc3 d6 4. Be3 a6 5. Qd2 b5 6. f3 Nd7 7. h4 h6 8. g4 Bb7 9. Nge2 c5 10. Ng3 Rc8 11. h5 cxd4 12. Bxd4 Bxd4 13. Qxd4 Ngf6 14. hxg6 fxg6 15. g5 e5 16. Qxd6 Rc6 17. Qd2 Ng8 18. O-O-O h5 19. Nd5 Kf7 20. Kb1 Rd6 21. c4 Ne7 22. Be2 bxc4 23. Bxc4 Nxd5 24. Bxd5+ Bxd5 25. exd5 Nc5 26. Ne4 Nxe4 27. fxe4 Kg7 28. Rhf1 Qe7 29. Qb4 Rhd8 30. Rf6 R8d7 31. Rdf1 a5 32. Qxa5 Rb7 33. Qc3 Rdb6 34. Re6 Rxe6 35. dxe6 Qxe6 36. Qc5 Rd7 37. Qf8+ Kh7 38. Rf6 Qd6 39. Rf7+ Rxf7 40. Qxd6 Kh8 41. Qxe5+ Kh7 42. Qe6 Rf1+ 43. Kc2 Rf2+ 44. Kc3 Rf3+ 45. Kd4 h4 46. e5 h3 47. Qg4 1-0


[Site "https://www.chess.com"]